 Dungeon Crawl Stone Soup version 0.29-a0-409-gd843f3a48c (webtiles) character file.

Game seed: 14084541085839033362

18 dolemite99 the Stinger (level 2, 0/19 HPs)
             Began as a Demonspawn Venom Mage on May 14, 2022.
             Slain by an endoplasm (1 damage)
             ... on level 2 of the Dungeon.
             The game lasted 00:01:11 (1490 turns).

dolemite99 the Stinger (Demonspawn Venom Mage)      Turns: 1490, Time: 00:01:11

Health: 0/19       AC:  2    Str:  8    XL:     2   Next: 51%
Magic:  0/5        EV: 12    Int: 16    God:
Gold:   68         SH:  0    Dex: 13    Spells: 4/5 levels left

rFire   . . .      SeeInvis .   f - +0 spear
rCold   . . .      Faith    .   (no shield)
rNeg    . . .      Spirit   .   a - +0 robe
rPois   .          Reflect  .   (no helmet)
rElec   .          Harm     .   (no cloak)
rCorr   .          Rampage  .   (no gloves)
Will    .....                   (no boots)
Stlth   ++........              (no amulet)
HPRegen 0.06/turn               (no ring)
MPRegen 0.09/turn               (no ring)

@: no status effects
A: powered by pain 1
a: no special abilities


You were on level 2 of the Dungeon.
You visited 1 branch of the dungeon, and saw 2 of its levels.

You collected 68 gold pieces.

Inventory:

Hand Weapons
 f - a +0 spear (weapon)
 k - a +0 rapier
Missiles
 h - 21 stones
Armour
 a - a +0 robe (worn)
Scrolls
 c - a scroll of fog {unknown}
 j - 2 scrolls of identify {unknown}
 l - a scroll of enchant armour {unknown}
Potions
 b - a potion of magic
 d - 2 potions of heal wounds {unknown}
 e - a potion of brilliance {unknown}
 g - 2 potions of degeneration {unknown}
 i - 2 potions of curing {unknown}


   Skills:
 - Level 1.7 Dodging
 - Level 1.7 Stealth
 - Level 2.0 Spellcasting
 - Level 0.8 Transmutations
 + Level 3.9 Poison Magic


You had 4 spell levels left.
You knew the following spells:

 Your Spells              Type           Power      Damage    Failure   Level
a - Sting                 Tmut/Pois      36%        1d4       8%          1

Your spell library contained the following spells:

 Spells                   Type           Power      Damage    Failure   Level
 Poisonous Vapours        Pois/Air       14%        N/A       14%         2
 Mephitic Cloud           Conj/Pois/Air  5%         N/A       36%         3
 Olgreb's Toxic Radiance  Pois           14%        N/A       38%         4
 Frozen Ramparts          Ice            2%         1d2       52%         3
 Ice Form                 Ice/Tmut       2%         N/A       86%         4
 Summon Ice Beast         Ice/Summ       1%         N/A       90%         4


Dungeon Overview and Level Annotations

Branches:
Dungeon (2/15)

Altars:
Trog


Innate Abilities, Weirdness & Mutations

You sometimes gain a little power by taking damage.


Message History

You don't have enough magic to cast this spell.
The endoplasm attacks as you move away! The endoplasm barely misses you.
The adder attacks as you move away! The adder bites you but does no damage.
Casting: Sting (safe; 8% risk of failure)
Confirm with . or Enter, or press ? or * to list all spells.
Aiming: Sting (safe; 8% risk of failure)
Press: ? - help, Shift-Dir - straight line, f/p - adder
Aim: an adder (lightly wounded, very poisoned, 48% to hit)
The sting hits the adder.
The adder looks even sicker.
The adder is lightly wounded.
The adder bites you. The endoplasm closely misses you.
Casting: Sting (safe; 8% risk of failure)
Confirm with . or Enter, or press ? or * to list all spells.
You don't have enough magic to cast this spell.
You hit the adder.
The adder is moderately wounded.
The adder bites you. The endoplasm closely misses you.
The adder barely misses you.
You barely miss the adder.
The adder is heavily wounded.
The endoplasm freezes you.
You are frozen.
The adder barely misses you.
You barely miss the adder.
The adder is heavily wounded.
The adder bites you. The endoplasm closely misses you.
You hit the adder.
The adder is severely wounded.
The adder bites you. The endoplasm hits you.
* * * LOW HITPOINT WARNING * * *
The adder bites you but does no damage.
You hit the adder.
The adder is almost dead.
The endoplasm hits you.
* * * LOW HITPOINT WARNING * * *
The adder bites you.
* * * LOW HITPOINT WARNING * * *
You hit the adder.
You kill the adder!
The endoplasm hits you.
You die...

##### #.... #.. #.... ....
######.... _... #....#†...
..# #....#.... #######.#
#########....#....
........###.................
...........@......#....#...#
..........J†......#....#...#
.......................+....
...?..............#....#...#
.....##.............####...#
.... #.............# #...#
... ##............# #####
#...#........#
#...######...#


You could see an endoplasm.

Vanquished Creatures
  An adder (D:2)
  3 ball pythons
  5 bats
  An endoplasm (D:1)
  A goblin (D:1)
  3 kobolds
  A quokka (D:2)
  3 rats
18 creatures vanquished.

Notes
Turn   | Place    | Note
-------+----------+-------------------------------------------
     0 | D:1      | dolemite99 the Demonspawn Venom Mage began the quest for
                  | the Orb.
     0 | D:1      | Reached XP level 1. HP: 13/13 MP: 3/3
   711 | D:1      | Gained mutation: You sometimes gain a little power by
                  | taking damage. [demonic ancestry]
   711 | D:1      | Reached XP level 2. HP: 18/19 MP: 0/5
  1104 | D:2      | Found a bloodstained altar of Trog.
  1471 | D:2      | Found a faded altar of an unknown god.
  1490 | D:2      | Slain by an endoplasm

Illustrated notes

Levels and vault maps discovered:
D:1:      dpeg_arrival_chambers_temple_mockup, layout_rooms,
          chequers_serial_rivers_large_a, nrook_loot_triangle
D:2:      layout_basic, basic_altar, basic_ecumenical_altar

Action                   || total
-------------------------++-------
Melee: Spear             ||    13
 Cast: Sting             ||    29
Armor: Robe              ||    12
Dodge: Dodged            ||    41

Table legend: (Time is in decaauts)
 A = Elapsed time spent in this place.
 B = Non-inter-level travel time spent in this place.
 C = Inter-level travel time spent in this place.
 D = Time resting spent in this place.
 E = Time spent auto-exploring this place.
 F = Levels seen in this place.
 G = Mean time per level.
                   A        B        C        D        E       F      G
               +--------+--------+--------+--------+--------+-----+--------+
         Total |   1497 |   1463 |     34 |    277 |    958 |   2 |  748.5 |
       Dungeon |   1497 |   1463 |     34 |    277 |    958 |   2 |  748.5 |
               +--------+--------+--------+--------+--------+-----+--------+

Top non-repeatable levels by time:
     D:1: 1021 daAuts
     D:2: 475 daAuts
